 Dungeon Crawl Stone Soup version 0.32-a0-40-g2adb59ae06 (webtiles) character file.

Game seed: 11692599296205369536

25 cforsyth the Magician (level 3, 0/28 HPs)
             Began as a Djinni Enchanter on Jan 24, 2024.
             Slain by a quokka (3 damage)
             ... on level 1 of the Dungeon.
             The game lasted 00:01:56 (736 turns).

cforsyth the Magician (Djinni Enchanter)             Turns: 736, Time: 00:01:57

Health: 0/28       AC:  2    Str:  7    XL:     3   Next: 17%
Gold:   47         EV: 12    Int: 18    God:
                   SH:  0    Dex: 13

rFire   + + .        a - +1 dagger
rCold   x . .        (no shield)
rNeg    . . .        b - +0 robe
rPois   ∞            (no helmet)
rElec   .            (no cloak)
rCorr   .            (no gloves)
SInv    .            (boots unavailable)
Will    .....        (no amulet)
Stlth   ++           (no ring)
HPRegen 0.24/turn    (no ring)
MPRegen 0.00/turn

%: infuse magic (-1 HP)
@: mighty, flying
A: sickness immunity, fire resistance 2, cold vulnerability 1, float, innate
caster, HP casting, extra vitality 1
a: no special abilities


You were on level 1 of the Dungeon.
You visited 1 branch of the dungeon, and saw 1 of its levels.

You collected 47 gold pieces.

Inventory:

Hand Weapons
 a - a +1 dagger (weapon)
Armour
 b - a +0 robe (worn)
Scrolls
 d - a scroll of teleportation {unknown}
 f - a scroll of identify {unknown}
 g - a scroll of amnesia {unknown}
 h - a scroll of enchant weapon {unknown}
Potions
 c - 2 potions of invisibility


   Skills:
 + Level 1.7 Fighting
 - Level 0.8 Short Blades
 - Level 2.1 Dodging
 - Level 2.4 Stealth
 + Level 3.3 Spellcasting
 + Level 3.3 Conjurations
 + Level 3.3 Hexes
 + Level 3.3 Summonings
 + Level 3.3 Necromancy
 + Level 3.3 Translocations
 + Level 3.3 Fire Magic
 + Level 3.3 Ice Magic
 + Level 3.3 Air Magic
 + Level 3.3 Earth Magic
 + Level 3.3 Alchemy


You knew the following spells:

 Your Spells              Type           Power      Damage    Failure   Level
a - Ensorcelled Hibernat  Hex/Ice        28%        N/A       6%          2
b - Confusing Touch       Hex            14%        N/A       12%         3
c - Tukima's Dance        Hex            14%        N/A       12%         3
d - Dazzling Flash        Conj/Hex       28%        N/A       12%         3
e - Summon Small Mammal   Summ           56%        N/A       4%          1
Your spell library was empty.

Dungeon Overview and Level Annotations

Branches:
Dungeon (1/15)

Altars:

Shops:
D:1 [


Innate Abilities, Weirdness & Mutations

You are immune to sickness and miasma.
You are immune to poison.
Your flesh is very heat resistant. (rF++)
You are vulnerable to cold. (rC-)
You float through the air rather than walking.
You learn spells naturally, not from books.
Your magical power is your life essence.
You have superior vitality. (+4 MHP)


Message History

Your bat hits the hobgoblin.
Your bat barely misses the hobgoblin.
The hobgoblin closely misses you. The quokka bites your bat.
Your bat dies!
Your bat's corpse disappears in a puff of smoke!
You hit the hobgoblin but do no damage.
The hobgoblin appears confused.
The hobgoblin is heavily wounded.
Casting: Confusing Touch (quite dangerous; 12% risk of failure)
Confirm with . or Enter, or press ? or * to list all spells.
Aiming: Ensorcelled Hibernation (safe; 6% risk of failure)
Press: ? - help, Shift-Dir - straight line, f/p - quokka
Aim: a quokka (purple smoke, lightly wounded, chance to affect: 65%)
The quokka struggles to resist.
* * * LOW HITPOINT WARNING * * *
The quokka barely misses you.
The hobgoblin hits the quokka.
Casting: Ensorcelled Hibernation (safe; 6% risk of failure)
Confirm with . or Enter, or press ? or * to list all spells.
Aiming: Ensorcelled Hibernation (safe; 6% risk of failure)
Press: ? - help, Shift-Dir - straight line, f/p - quokka
Aim: a quokka (severely wounded, chance to affect: 65%)
The quokka looks drowsy...
* * * LOW HITPOINT WARNING * * *
The hobgoblin barely misses the hobgoblin.
The quokka attacks as it pursues you! The quokka barely misses you.
Casting: Ensorcelled Hibernation (safe; 6% risk of failure)
Confirm with . or Enter, or press ? or * to list all spells.
Aiming: Ensorcelled Hibernation (safe; 6% risk of failure)
Press: ? - help, Shift-Dir - straight line, f - hobgoblin, p - quokka
Aim: a hobgoblin (chance to affect: 65%)
Okay, then.
Unknown command.
The quokka attacks as it pursues you! The quokka closely misses you.
The quokka attacks as it pursues you! The quokka bites you.
* * * LOW HITPOINT WARNING * * *
Casting: Ensorcelled Hibernation (safe; 6% risk of failure)
Confirm with . or Enter, or press ? or * to list all spells.
You don't have enough health to cast this spell.
It was a potion of might.
You feel very mighty all of a sudden. The quokka bites you.
You die...

##.....§≈≈§≈.≈≈≈≈§.§...
##....§≈§≈...≈≈§§....#
#......§≈....§≈§§...#
#.##.....≈≈§≈§.....##
#.##..(...≈≈≈§.....#
#.####.....≈.......#
#..###...........###
###...##..#######...####
................@......+
###...#...#######r..####
####.#.###.# #..##
#......# #.# #g##
#.####.###.# #.# #.#
##...## ##.#### +# #.#
##### #.#g.g# ### .##
#.# ##.##g# #.. .. #.#
####.# #.# #.###.


You could see a quokka and 2 hobgoblins.

Vanquished Creatures
  A dart slug (D:1)
  3 hobgoblins (D:1)
  A quokka (D:1)
  A ball python (D:1)
  4 bats (D:1)
  A frilled lizard (D:1)
  6 goblins (D:1)
  2 kobolds (D:1)
  2 rats (D:1)
21 creatures vanquished.

Notes
Turn   | Place    | Note
-------+----------+-------------------------------------------
     0 | D:1      | cforsyth the Djinni Enchanter began the quest for the Orb.
     0 | D:1      | cforsyth set off with the following spells memorised:
                  | Ensorcelled Hibernation, Confusing Touch, Tukima's Dance,
                  | Dazzling Flash.
     0 | D:1      | Reached XP level 1. HP: 15/15 MP: 0/0
   177 | D:1      | Reached XP level 2. HP: 17/22 MP: 0/0
   187 | D:1      | Reached skill level 1 in Fighting
   249 | D:1      | Found Giurhof's Antique Armour Shop.
   498 | D:1      | Reached XP level 3. HP: 17/27 MP: 0/0
   498 | D:1      | Learned a level 1 spell: Summon Small Mammal
   736 | D:1      | Slain by a quokka

Illustrated notes

Levels and vault maps discovered:
D:1:      onia_arrival_pyramid, layout_loops_corners, serial_shops, shop

Skill      XL: |  1  2 |
---------------+-------+-----
Spellcasting   | 3 |  3.3
Conjurations   | 3 |  3.3
Hexes          | 3 |  3.3
Summonings     | 3 |  3.3
Necromancy     | 3 |  3.3
Translocations | 3 |  3.3
Fire Magic     | 3 |  3.3
Ice Magic      | 3 |  3.3
Air Magic      | 3 |  3.3
Earth Magic    | 3 |  3.3
Alchemy        | 3 |  3.3
Fighting       | 1 |  1.7
Short Blades   | |  0.8
Dodging        | |  2.1
Stealth        | |  2.4

Action                     || total
---------------------------++-------
  Melee: Dagger            ||   103
         Punch             ||     1
   Cast: Ensorcelled Hiber ||     9
         Summon Small Mamm ||     2
         Confusing Touch   ||     2
    Use: Potion            ||     2
   Stab: Sleeping          ||     2
         Confused          ||     1
 Armour: Robe              ||    58
  Dodge: Dodged            ||    70

Table legend: (Time is in decaauts)
 A = Elapsed time spent in this place.
 B = Non-inter-level travel time spent in this place.
 C = Inter-level travel time spent in this place.
 D = Time resting spent in this place.
 E = Time spent auto-exploring this place.
 F = Levels seen in this place.
 G = Mean time per level.
                   A        B        C        D        E       F      G
               +--------+--------+--------+--------+--------+-----+--------+
         Total |    732 |    732 |      0 |      0 |    508 |   1 |  732.0 |
       Dungeon |    732 |    732 |      0 |      0 |    508 |   1 |  732.0 |
               +--------+--------+--------+--------+--------+-----+--------+

Top non-repeatable levels by time:
     D:1: 732 daAuts
